 Dungeon Crawl Stone Soup version 0.27-a0-1200-g94dc6ad4cf (webtiles) character file.

Game seed: 3608068440764988098

280 Delamore the Cudgeller (level 6, -3/40 HPs)
             Began as a Gargoyle Fighter on May 30, 2021.
             Slain by a phantom (6 damage)
             ... on level 4 of the Dungeon.
             The game lasted 00:04:35 (3307 turns).

Delamore the Cudgeller (Gargoyle Fighter)           Turns: 3307, Time: 00:04:36

Health: -3/40      AC: 11    Str: 21    XL:     6   Next: 27%
Magic:  6/6        EV:  7    Int:  9    God:
Gold:   100        SH:  9    Dex:  9    Spells: 5/5 levels left

rFire    . . .     SeeInvis .   a - +0 flail
rCold    . . .     Faith    .   c - +0 kite shield
rNeg     + . .     Spirit   .   b - +0 scale mail
rPois    ∞         Reflect  .   (no helmet)
rElec    +         Harm     .   (no cloak)
rCorr    .         Rampage  .   (no gloves)
Will     .....                  (no boots)
Stlth    ..........             (no amulet)
HPRegen  0.13/turn              (no ring)
MPRegen  0.10/turn              (no ring)

@: flying
A: sickness immunity, AC +4, negative energy resistance 1, electricity
resistance, torment resistance 1, petrification resistance
a: no special abilities


You were on level 4 of the Dungeon.
You visited 1 branch of the dungeon, and saw 4 of its levels.

You collected 100 gold pieces.

Inventory:

Hand Weapons
 a - a +0 flail (weapon)
 n - a +2 vampiric dagger
Missiles
 h - 37 poisoned darts (quivered)
Armour
 b - a +0 scale mail (worn)
 c - a +0 kite shield (worn)
Scrolls
 j - a scroll of enchant armour {unknown}
 k - a scroll of immolation {unknown}
 l - a scroll of identify {unknown}
 m - a scroll of noise {unknown}
Potions
 d - a potion of might
 e - a potion of resistance {unknown}
 f - a potion of haste {unknown}
 g - a potion of berserk rage {unknown}
 i - a potion of flight


   Skills:
 - Level 5.0 Fighting
 * Level 5.4 Maces & Flails
 - Level 3.2 Armour
 - Level 3.2 Shields


You had 5 spell levels left.
You didn't know any spells.
Your spell library contained the following spells:

 Spells                   Type           Power      Damage    Failure   Level
 Animate Skeleton         Necr           0%         N/A       99%         1
 Apportation              Tloc           0%         N/A       99%         1
 Corona                   Hex            0%         N/A       99%         1
 Pain                     Necr           0%         1d4       99%         1
 Summon Small Mammal      Summ           0%         N/A       99%         1
 Vampiric Draining        Necr           0%         2d6       100%        3
 Animate Dead             Necr           0%         N/A       100%        4
 Agony                    Necr           0%         N/A       100%        5


Dungeon Overview and Level Annotations

Branches:
Dungeon (4/15)
 Temple: D:4-7

Altars:
Kikubaaqudgha


Innate Abilities, Weirdness & Mutations

You are immune to sickness and miasma.
Your stone body is resilient. (AC +4)
You are immune to poison.
You resist negative energy. (rN+)
You are resistant to electric shocks. (rElec)
You are resistant to unholy torment.
You are immune to petrification.


Message History

You miss the phantom.
The phantom is heavily damaged.
The phantom hits you but does no damage.
You hit the phantom but do no damage.
The phantom is heavily damaged.
You block the phantom's attack. The phantom hits you!
You are too injured to fight recklessly!
You are too injured to fight recklessly!
You are too injured to fight recklessly!
You are too injured to fight recklessly!
You are too injured to fight recklessly!
You are too injured to fight recklessly!
You are too injured to fight recklessly!
You are too injured to fight recklessly!
You are too injured to fight recklessly!
You are too injured to fight recklessly!
You are too injured to fight recklessly!
You are too injured to fight recklessly!
You are too injured to fight recklessly!
You are too injured to fight recklessly!
You are too injured to fight recklessly!
You barely miss the phantom.
The phantom is heavily damaged.
You block the phantom's attack.
You hit the phantom.
The phantom is severely damaged.
You block the phantom's attack. The phantom hits you.
You hit the phantom.
The phantom is almost destroyed.
You block the phantom's attack.
You barely miss the phantom.
The phantom is almost destroyed.
The phantom hits you.
* * * LOW HITPOINT WARNING * * *
You closely miss the phantom.
The phantom is almost destroyed.
The phantom hits you!
* * * LOW HITPOINT WARNING * * *
The phantom hits you.
You die...

#.†# #..# #..#
##########..#
............####
#####.........#
#.###S###.# #.#
#W# #
#..####.###@#
#..........###
#............#
#.####.#####.# #
#.# .# #(# # #.#
#.. ###


You could see a phantom and an adder.

Vanquished Creatures
  An orc priest (D:3)
  An iguana (D:4)
  Natasha (thrice) (D:2)
  An orc wizard (D:3)
  3 gnolls
  4 adders
  2 worms
  A dart slug (D:1)
  4 orcs
  An endoplasm (D:1)
  3 giant cockroaches
  9 hobgoblins
  3 jackals (D:3)
  2 quokkas
  3 ball pythons
  4 bats
  A frilled lizard (D:3)
  8 goblins
  4 rats (D:3)
58 creatures vanquished.

Vanquished Creatures (others)
  A plant (D:3)
1 creature vanquished.

Grand Total: 59 creatures vanquished

Notes
Turn   | Place    | Note
-------+----------+-------------------------------------------
     0 | D:1      | Delamore the Gargoyle Fighter began the quest for the Orb.
     0 | D:1      | Reached XP level 1. HP: 14/14 MP: 1/1
   179 | D:1      | Reached XP level 2. HP: 8/19 MP: 2/2
   823 | D:2      | Reached XP level 3. HP: 23/24 MP: 3/3
   869 | D:2      | Noticed Natasha
   873 | D:2      | Killed Natasha
   881 | D:2      | Noticed a phantom
   992 | D:2      | Reached XP level 4. HP: 29/29 MP: 4/4
  1025 | D:2      | Noticed Natasha
  1057 | D:2      | Killed Natasha
  1343 | D:2      | Noticed Natasha
  1362 | D:2      | Killed Natasha
  1750 | D:3      | Reached XP level 5. HP: 34/34 MP: 5/5
  2568 | D:3      | Reached skill level 5 in Maces & Flails
  2609 | D:3      | Found an ancient bone altar of Kikubaaqudgha.
  2904 | D:4      | Reached XP level 6. HP: 34/40 MP: 6/6
  2962 | D:4      | Reached skill level 5 in Fighting
  3307 | D:4      | Slain by a phantom

Illustrated notes

Levels and vault maps discovered:
D:1:      lemuel_arrival_room, layout_basic
D:2:      layout_loops_corners, minmay_misc_feat_room, minmay_pentomino_r2,
          uniq_natasha, uniq_sigmund
D:3:      layout_loops_ring, lemuel_coloured_pillars_altar, serial_bayou_pond_b,
          grunt_ministairs_15
D:4:      layout_loops_ring, minmay_joined_circles

Skill      XL: |  1  2  3  4  5  6 |
---------------+-------------------+-----
Maces & Flails | 3 4 5 |  5.4
Fighting       | 4 5 |  5.0
Armour         | |  3.2
Shields        | |  3.2

Action                   |  1- 3 |  4- 6 || total
-------------------------+-------+-------++-------
Melee: Flail             |    65 |   169 ||   234
       Dagger            |       |    21 ||    21
Throw: Dart              |       |     5 ||     5
  Use: Potion            |       |     2 ||     2
Armor: Scale mail        |    42 |    85 ||   127
Dodge: Dodged            |    23 |    53 ||    76
Block: Kite shield       |    39 |   107 ||   146

Table legend: (Time is in decaauts)
 A = Elapsed time spent in this place.
 B = Non-inter-level travel time spent in this place.
 C = Inter-level travel time spent in this place.
 D = Time resting spent in this place.
 E = Time spent auto-exploring this place.
 F = Levels seen in this place.
 G = Mean time per level.
                   A        B        C        D        E       F      G
               +--------+--------+--------+--------+--------+-----+--------+
         Total |   3419 |   3324 |     95 |    965 |   1697 |   4 |  854.8 |
       Dungeon |   3419 |   3324 |     95 |    965 |   1697 |   4 |  854.8 |
               +--------+--------+--------+--------+--------+-----+--------+

Top non-repeatable levels by time:
     D:3: 1220 daAuts
     D:2: 1103 daAuts
     D:1: 847 daAuts
     D:4: 248 daAuts
